 Dungeon Crawl Stone Soup version 0.29-a0-284-gf9362112df (webtiles) character file.

Game seed: 783774426770552264

269 davidthevgamer991 the Shield-Bearer (level 6, 70/70 HPs)
             Began as a Minotaur Fighter on Mar 28, 2022.
             Was a High Priest of Ignis.
             Quit the game on level 4 of the Dungeon on Mar 29, 2022.
             The game lasted 00:24:17 (3361 turns).

davidthevgamer991 the Shield-Bearer (MiFi)          Turns: 3361, Time: 00:24:17

Health: 70/70      AC: 23    Str: 23    XL:     6   Next: 1%
Magic:  5/5        EV:  2    Int:  7    God:    Ignis [*****.]
Gold:   81         SH:  4    Dex:  9    Spells: 5/5 levels left

rFire   + . .      SeeInvis .   a - +0 long sword
rCold   . . .      Faith    .   c - +0 buckler
rNeg    . . .      Spirit   .   (body armour currently unavailable)
rPois   +          Reflect  .   (helmet currently unavailable)
rElec   .          Harm     .   (cloak currently unavailable)
rCorr   +          Rampage  .   (gloves currently unavailable)
Will    .....      NoTele   +   (boots currently unavailable)
Stlth   +.........              (no amulet)
HPRegen 0.21/turn               u - ring of resist corrosion
MPRegen 0.09/turn               (no ring)

@: tree-form, attractive, hasted, very quick
A: stationary, stasis, torment immunity, boosted hp, (horns 2), (retaliatory
headbutt), clever 1, frail 1, (poison resistance)
a: Renounce Religion, Fiery Armour, Foxfire Swarm, Rising Flame


You were on level 4 of the Dungeon.
You worshipped Ignis.
Ignis was extremely pleased with you.
You were a tree.
You visited 1 branch of the dungeon, and saw 4 of its levels.

You collected 81 gold pieces.

Inventory:

Hand Weapons
 a - a +0 long sword (weapon)
 j - a +0 quarterstaff
 l - a +0 broad axe
 A - a +0 hunting sling
Armour
 b - a +1 scale mail (melded)
 c - a +0 buckler (worn)
 m - a +1 pair of boots (melded)
 q - a +2 hat of intelligence (melded)
Magical Staves
 s - a staff of death
Jewellery
 u - a ring of resist corrosion (left branch)
Wands
 v - a wand of paralysis (13)
Scrolls
 e - a scroll of silence
 h - a scroll of amnesia
 n - 2 scrolls of noise
 p - a scroll of enchant armour
Potions
 k - a potion of attraction
 o - 2 potions of heal wounds


   Skills:
 + Level 4.4 Fighting
 + Level 4.5 Long Blades
 + Level 4.9 Armour
 + Level 2.0 Dodging
 + Level 0.1 Stealth
 + Level 5.1 Shields


You had 5 spell levels left.
You didn't know any spells.
Your spell library was empty.

Dungeon Overview and Level Annotations

Branches:
Dungeon (4/15)
 Temple: D:4-7

Altars:
Fedhas
Kikubaaqudgha
Ignis


Innate Abilities, Weirdness & Mutations

You are a tree.
Your roots penetrate the ground, keeping you stationary.
You cannot be teleported.
You are immune to unholy pain and torment.
Your maximum health is greatly increased.
Your equipment is partially melded.
((You have a pair of horns on your head.))
((You reflexively headbutt those who attack you in melee.))
Your mind is acute. (Int +2)
You are frail. (-10% HP)
((Your system is resistant to poisons. (rPois)))


Message History

You cannot move.
You cannot move.
You cannot move.
You cannot move.
You cannot move.
You cannot move.
You cannot move.
You cannot move.
You cannot move.
You cannot move.
You cannot move.
You cannot move.
You cannot move.
You cannot move.
You cannot move.
You cannot move.
You cannot move.
You cannot move.
You cannot move.
You cannot move.
You cannot move.
You cannot move.
You cannot move.
You cannot move.
You cannot move.
You cannot move.
You cannot move.
You cannot move.
You cannot move.
You cannot move.
You cannot move.
Welcome back, davidthevgamer991 the Minotaur Fighter.
The flames of Ignis gently warm you.
Press ? for a list of commands and other information.
Welcome back, davidthevgamer991 the Minotaur Fighter.
The flames of Ignis gently warm you.
Press ? for a list of commands and other information.
You cannot move.
You cannot move.
Are you sure you want to abandon this character and quit the game? (Confirm with "yes".)

### ..# # # #.#
#.#####.# #.#
#.......# #.# #♣#
#.# #.#######.#
#.).......##
#########..# #..#
#..# #############
#..# #...........#
#..#
#.#########.###..#


There were no monsters in sight!

Vanquished Creatures
  A necrophage (D:4)
  An orc priest (D:4)
  2 iguanas (D:4)
  3 gnolls (D:2)
  A worm (D:2)
  2 dart slugs
  12 orcs
  5 ball pythons
  6 endoplasms
  4 giant cockroaches
  6 goblins
  8 hobgoblins
  2 jackals (D:3)
  2 quokkas (D:1)
  9 bats
  3 frilled lizards
  5 kobolds
  2 rats
74 creatures vanquished.

Notes
Turn   | Place    | Note
-------+----------+-------------------------------------------
     0 | D:1      | davidthevgamer991 the Minotaur Fighter began the quest for
                  | the Orb.
     0 | D:1      | Reached XP level 1. HP: 19/19 MP: 0/0
   360 | D:1      | Reached XP level 2. HP: 26/27 MP: 1/1
   487 | D:1      | Reached skill level 4 in Shields
  1393 | D:2      | Reached XP level 3. HP: 29/33 MP: 2/2
  1500 | D:2      | Found a blossoming altar of Fedhas.
  1646 | D:2      | Reached XP level 4. HP: 29/40 MP: 3/3
  2209 | D:3      | Found a faded altar of an unknown god.
  2240 | D:3      | Prayed at the altar of an unknown god.
  2240 | D:3      | Became a worshipper of Ignis, the Dying Flame
  2323 | D:3      | Found an ancient bone altar of Kikubaaqudgha.
  2651 | D:4      | Reached skill level 1 in Dodging
  2652 | D:4      | Reached XP level 5. HP: 20/46 MP: 4/4
  2688 | D:4      | Reached skill level 5 in Shields
  3344 | D:4      | Reached XP level 6. HP: 50/53 MP: 5/5
  3359 | D:4      | Gained mutation: You are frail. (-10% HP) [potion of
                  | mutation]
  3359 | D:4      | Gained mutation: Your system is resistant to poisons.
                  | (rPois) [potion of mutation]
  3359 | D:4      | Gained mutation: Your mind is acute. (Int +2) [potion of
                  | mutation]
  3361 | D:4      | Quit the game

Illustrated notes

Levels and vault maps discovered:
D:1:      dpeg_arrival_connections, layout_loops_corners, serial_park_tiny_2
D:2:      layout_loops_ring, basic_altar, minmay_goblin_kobold_house
D:3:      layout_basic, mainiacjoe_overflow_24_doors,
          ebering_ecumenical_altar_abandoned
D:4:      layout_loops_ring, mainiacjoe_overflow_cross_hatched,
          lemuel_old_faithful

Skill      XL: |  1  2  3  4  5 |
---------------+----------------+-----
Armour         | 4 |  4.9
Shields        | 4 5 |  5.1
Fighting       | 4 |  4.4
Long Blades    | 3 4 |  4.5
Dodging        | 1 2 |  2.0
Stealth        | |  0.1

Action                   |  1- 3 |  4- 6 || total
-------------------------+-------+-------++-------
Melee: Long sword        |    79 |    77 ||   156
       Headbutt          |     8 |    18 ||    26
  Use: Scroll            |     1 |     8 ||     9
       Potion            |       |     7 ||     7
Armor: Scale mail        |    58 |    58 ||   116
Dodge: Dodged            |    59 |    38 ||    97
Block: Buckler           |    32 |    30 ||    62

Table legend: (Time is in decaauts)
 A = Elapsed time spent in this place.
 B = Non-inter-level travel time spent in this place.
 C = Inter-level travel time spent in this place.
 D = Time resting spent in this place.
 E = Time spent auto-exploring this place.
 F = Levels seen in this place.
 G = Mean time per level.
                   A        B        C        D        E       F      G
               +--------+--------+--------+--------+--------+-----+--------+
         Total |   3404 |   3285 |    119 |    653 |      0 |   4 |  851.0 |
       Dungeon |   3404 |   3285 |    119 |    653 |      0 |   4 |  851.0 |
               +--------+--------+--------+--------+--------+-----+--------+

Top non-repeatable levels by time:
     D:1: 1354 daAuts
     D:4: 754 daAuts
     D:3: 749 daAuts
     D:2: 546 daAuts
